AoeStats
← Yoshi [ Paladin ]

Oasis

510033018Analyzed
4v4 RM · 2d ago on Sep 29, 2026· 37m 41s· 8 players
Game mode
Random Map
Map size
Large (8 player)
Population
200
Speed
Normal
Resources
Standard
Victory
Conquest
Starting age
Dark Age
Ending age
Imperial Age
RankedLock teamsTeams togetherTeam positionsShared explorationLock speedFull tech treeHidden civsTurbo modeCheats
Victory
Defeat
🇵🇪 Teutons · Peru
1180
+16
🇹🇷 Cumans · Türkiye
1180
+16
🇺🇸 Celts · United States
1180
+16
🇺🇾 Wei · Uruguay
1100
+19
🇨🇴 Varangians · Colombia
1203
-18
🇨🇴 Vietnamese · Colombia
1171
-17
🇨🇴 Magyars · Colombia
1160
-16
🇨🇴 Slavs · Colombia
1160
-16
Zoopu
9:59 Feudal Age
18:59 Castle Age
17:57 Double-Bit Axe
21:26 Loom
21:57 Bow Saw
21:33 Horse Collar
23:25 Fletching
24:55 Gold Mining
25:50 Padded Archer Armor
27:01 Wheelbarrow
27:37 Town Watch
29:59 Hand Cart
31:08 Scale Mail Armor
31:18 Forging
31:22 Pikeman
37:45 Imperial Age
35:15 Town Patrol
36:13 Gold Shaft Mining
36:43 Chain Mail Armor
38:26 Ballistics
38:07 Stone Mining
ConcernedApe
6:32 Loom
9:45 Feudal Age
16:48 Horse Collar
17:23 Double-Bit Axe
19:04 Horse Collar
29:05 Castle Age
28:58 Bloodlines
29:46 Wheelbarrow
28:56 Town Watch
29:32 Scale Barding Armor
29:38 Forging
34:34 Heavy Plow
34:46 Bow Saw
JorDelOrd
5:09 Loom
10:44 Feudal Age
15:10 Castle Age
14:01 Double-Bit Axe
15:45 Bloodlines
16:24 Horse Collar
21:49 Scale Barding Armor
24:00 Chain Barding Armor
24:30 Forging
26:11 Heavy Plow
29:39 Iron Casting
32:27 Imperial Age
30:53 Wheelbarrow
30:43 Fletching
32:27 Masonry
32:42 Cavalier
33:38 Heavy Scorpion
34:21 Town Watch
35:04 Bow Saw
37:10 Hand Cart
37:58 Chemistry
39:11 Blast Furnace
Gyurkobeats
6:37 Loom
9:38 Feudal Age
11:06 Double-Bit Axe
12:16 Horse Collar
18:31 Wheelbarrow
18:11 Gold Mining
18:58 Stone Mining
19:44 Bloodlines
20:43 Scale Barding Armor
21:51 Forging
26:56 Castle Age
28:09 Chain Barding Armor
28:42 Bow Saw
28:36 Heavy Plow
31:39 Imperial Age
29:40 Tuntian
29:53 Husbandry
31:43 Gold Shaft Mining
31:45 Stone Shaft Mining
32:11 Heavy Hei Guang Cavalry
35:01 Fletching
35:49 Iron Casting
35:51 Fletching
38:06 Blast Furnace
Yoshi [ Paladin ]
6:10 Loom
9:12 Feudal Age
10:27 Man-at-Arms
17:19 Double-Bit Axe
19:45 Town Watch
22:30 Castle Age
20:30 Gold Mining
20:21 Horse Collar
21:41 Fletching
21:51 Padded Archer Armor
23:50 Squires
25:23 Bodkin Arrow
26:10 Wheelbarrow
27:43 Leather Archer Armor
32:37 Hand Cart
32:36 Bow Saw
33:47 Pikeman
40:08 Imperial Age
Richi_Escarlata
7:51 Loom
10:12 Feudal Age
10:46 Double-Bit Axe
20:04 Town Watch
20:55 Wheelbarrow
21:36 Bloodlines
23:37 Castle Age
21:51 Fletching
22:39 Scale Barding Armor
24:17 Padded Archer Armor
25:07 Husbandry
25:18 Husbandry
25:49 Chain Barding Armor
30:41 Coinage
31:29 Bow Saw
31:00 Horse Collar
31:12 Gold Mining
33:20 Bodkin Arrow
33:40 Leather Archer Armor
36:59 Leather Archer Armor
Bullfrog_III
6:47 Loom
10:02 Feudal Age
10:52 Double-Bit Axe
17:16 Horse Collar
19:10 Town Watch
25:23 Castle Age
24:01 Fletching
24:43 Padded Archer Armor
24:49 Gold Mining
25:45 Crossbowman
26:31 Thumb Ring
27:36 Masonry
30:20 Fortified Wall
35:00 Wheelbarrow
34:40 Bodkin Arrow
35:09 Ballistics
34:39 Treadmill Crane
Sir Toad
11:26 Feudal Age
12:03 Double-Bit Axe
17:26 Castle Age
16:50 Horse Collar
18:31 Bow Saw
20:31 Scale Barding Armor
21:39 Gold Mining
21:52 Heavy Plow
26:41 Chain Barding Armor
30:18 Loom
34:25 Forging
Connection lost

Rejoining the realm…

Still unreachable

The connection could not be restored.

Session expired

The server has moved on; the page needs a fresh start.